 Dungeon Crawl Stone Soup version 0.31-a0-1093-gadecf4124d (webtiles) character file.

Game seed: 1859745689590385503

429 Ivernyr the Shield-Bearer (level 7, -18/55 HPs)
             Began as a Formicid Fighter on Nov 29, 2023.
             Demolished by an ogre
             ... wielding a +0 giant club
              (22 damage)
             ... on level 4 of the Dungeon.
             The game lasted 00:06:47 (3031 turns).

Ivernyr the Shield-Bearer (Formicid Fighter)        Turns: 3031, Time: 00:06:47

Health: -18/55     AC: 11    Str: 23    XL:     7   Next: 19%
Magic:  7/7        EV:  9    Int:  7    God:
Gold:   128        SH:  5    Dex: 13    Spells: 6/6 levels left

rFire   . . .        a - +0 quarterstaff
rCold   . . .        c - +0 buckler
rNeg    . . .        b - +0 scale mail
rPois   .            (helmet unavailable)
rElec   .            (no cloak)
rCorr   .            (no gloves)
SInv    +            (no boots)
Will    .....        (no amulet) Stlth
                     i - +4 ring of protection
HPRegen 0.29/turn    (no ring)
MPRegen 0.10/turn

%: no passive effects
@: no status effects
A: permanent stasis, dig shafts and tunnels, antennae 3, four strong arms
a: Dig, Shaft Self


You were on level 4 of the Dungeon.
You visited 1 branch of the dungeon, and saw 4 of its levels.

You collected 128 gold pieces.

Inventory:

Hand Weapons
 a - a +0 quarterstaff (weapon)
Armour
 b - a +0 scale mail (worn)
 c - a +0 buckler (worn)
Jewellery
 i - a +4 ring of protection (left hand)
Scrolls
 f - 5 scrolls of identify {unknown}
 g - 2 scrolls of amnesia {unknown}
 h - 4 scrolls of teleportation {unknown}
 j - a scroll of poison {unknown}
 k - a scroll of enchant weapon {unknown}
 l - 2 scrolls of revelation {unknown}
 m - a scroll of fog {unknown}
 o - a scroll of acquirement {unknown}
 q - a scroll of brand weapon {unknown}
Potions
 d - a potion of might
 e - 3 potions of curing {unknown}
 n - 3 potions of mutation {unknown}
 p - 2 potions of invisibility {unknown}


   Skills:
 + Level 4.6 Fighting
 * Level 4.8 Staves
 + Level 4.7 Armour
 + Level 5.7 Shields


You had 6 spell levels left.
You didn't know any spells.
Your spell library contained the following spells:

 Spells                   Type           Power      Damage    Failure   Level
 Necrotise                Necr           0%         1d4       80%         1
 Poisonous Vapours        Pois/Air       0%         N/A       90%         2
 Inner Flame              Hex/Fire       0%         N/A       99%         3
 Mephitic Cloud           Conj/Pois/Air  0%         N/A       99%         3
 Ozocubu's Armour         Ice            0%         N/A       99%         3
 Vampiric Draining        Necr           0%         2d6       99%         3
 Agony                    Necr           0%         N/A       100%        5
 Freezing Cloud           Conj/Ice/Air   0%         6-21      100%        5
 Yara's Violent Unravell  Hex/Tmut       0%         3d3       100%        5
 Enfeeble                 Hex            0%         N/A       100%        7
 Ozocubu's Refrigeration  Ice            0%         4d7       100%        7


Dungeon Overview and Level Annotations

Branches:
Dungeon (4/15)
 Temple: D:4-7

Altars:
Zin

Shops:
D:2 (


Innate Abilities, Weirdness & Mutations

You cannot be hasted, slowed, berserked, paralysed or teleported.
You can dig through walls and to a lower floor.
You have a pair of large antennae on your head. (SInv)
Your four strong arms can wield two-handed weapons with a shield.


Message History

You barely miss the jackal. You block the jackal's attack.
You hit the jackal.
The jackal is almost dead.
The jackal closely misses you. The jackal bites you.
You hit the jackal.
You kill the jackal!
Items here: ( ) ††.
HP restored.
n - 2 glowing purple potions (gained 1)
q - a scroll labelled NAOKODA MIGYDGH
Found a chain mail.
You see here a +0 chain mail.
You pick up Ozocubu's Autobiography and begin reading...
You add the spells Ozocubu's Armour and Ozocubu's Refrigeration to your library.
Found a stone staircase leading down.
There is a stone staircase leading down here.
You sense a monster nearby.
A ball python comes into view.
The ball python hisses angrily.
Found a glowing silver altar of Zin.
The ball python falls through a shaft!
The shaft crumbles and collapses.
n - 3 glowing purple potions (gained 1)
Found 4 gold pieces.
You now have 124 gold pieces (gained 4).
l - 2 scrolls labelled HIMMIA GUKH (gained 1)
You now have 128 gold pieces (gained 4).
p - 2 grey potions (gained 1)
An ogre comes into view. It is wielding a +0 giant club.
An ogre is nearby!
The ogre hits you with a +0 giant club!!
You thump the ogre!
The ogre is moderately wounded.
The ogre hits you with a +0 giant club!!
* * * LOW HITPOINT WARNING * * *
You sock the ogre!
The ogre is severely wounded.
You hit the ogre but do no damage.
The ogre is severely wounded.
The ogre hits you with a +0 giant club!!
You die...

.##.## .##.# #..# .##.#
#..# .##.# #..# .##.#
#..# .##.# #..## .##..
#... .####
#.#######.############.
.#
#....O@................
.# #########........##
.# ########.# .# #.# .#
######.###### .#
##............ .#
#...PPPP..#### .#
######............. .#
...##.#####.######


You could see an ogre.

Vanquished Creatures
  Sigmund (D:3)
  A scorpion (D:4)
  An orc priest (D:3)
  An orc wizard (D:3)
  5 adders
  4 gnolls
  A worm (D:2)
  A dart slug (D:1)
  5 orcs (D:3)
  5 endoplasms
  5 hobgoblins
  10 jackals
  5 quokkas
  7 ball pythons
  4 bats
  4 frilled lizards
  6 goblins
  2 kobolds
  4 rats
72 creatures vanquished.

Notes
Turn   | Place    | Note
-------+----------+-------------------------------------------
     0 | D:1      | Ivernyr the Formicid Fighter began the quest for the Orb.
     0 | D:1      | Reached XP level 1. HP: 18/18 MP: 1/1
    54 | D:1      | Reached XP level 2. HP: 23/24 MP: 2/2
   468 | D:1      | Reached XP level 3. HP: 28/29 MP: 3/3
   702 | D:2      | Identified the +4 dagger of Upheaval {heavy, rC+ rN+ Str-4
                  | Int+4}
   965 | D:2      | Reached XP level 4. HP: 32/37 MP: 4/4
  1117 | D:2      | Found Buleag's Weapon Shoppe.
  1945 | D:3      | Reached XP level 5. HP: 42/42 MP: 5/5
  2023 | D:3      | Reached skill level 5 in Shields
  2450 | D:4      | Noticed Sigmund
  2606 | D:3      | Reached XP level 6. HP: 38/48 MP: 6/6
  2754 | D:3      | Killed Sigmund
  2821 | D:4      | Reached XP level 7. HP: 55/55 MP: 7/7
  2998 | D:4      | Found a glowing silver altar of Zin.
  3031 | D:4      | Demolished by an ogre

Illustrated notes

Levels and vault maps discovered:
D:1:      minmay_arrival_plants_in_alcoves, layout_basic, minmay_curled_crystal,
          minmay_misc_feat_secret_circle
D:2:      layout_basic, serial_shops, nicolae_shop_bloodbath_and_beyond
D:3:      layout_basic
D:4:      layout_loops_ring, mainiacjoe_overflow_boulevard,
          minmay_temple_entry_statues_pillars, uniq_eustachio, uniq_sigmund

Skill      XL: |  1  2  3  4  5  6 |
---------------+-------------------+-----
Staves         | 3 4 |  4.8
Fighting       | 4 |  4.6
Armour         | 4 |  4.7
Shields        | 5 |  5.7

Action                     |  1- 3 |  4- 6 |  7- 9 || total
---------------------------+-------+-------+-------++-------
  Melee: Quarterstaff      |    95 |   149 |    19 ||   263
 Armour: Scale mail        |    85 |    96 |    13 ||   194
  Dodge: Dodged            |    44 |    68 |     4 ||   116
  Block: Buckler           |    28 |    34 |     5 ||    67

Table legend: (Time is in decaauts)
 A = Elapsed time spent in this place.
 B = Non-inter-level travel time spent in this place.
 C = Inter-level travel time spent in this place.
 D = Time resting spent in this place.
 E = Time spent auto-exploring this place.
 F = Levels seen in this place.
 G = Mean time per level.
                   A        B        C        D        E       F      G
               +--------+--------+--------+--------+--------+-----+--------+
         Total |   3078 |   3031 |     47 |    406 |   1974 |   4 |  769.5 |
       Dungeon |   3078 |   3031 |     47 |    406 |   1974 |   4 |  769.5 |
               +--------+--------+--------+--------+--------+-----+--------+

Top non-repeatable levels by time:
     D:3: 1037 daAuts
     D:2: 1035 daAuts
     D:1: 647 daAuts
     D:4: 357 daAuts
